 Dungeon Crawl Stone Soup version 0.18.1-6-gd335043 (webtiles) character file.

458 Kenran the Slasher (level 6, -1/44 HPs)
             Began as a Demonspawn Gladiator on May 16, 2016.
             Was an Initiate of Okawaru.
             Slain by an ogre
             ... wielding a +0 giant club
              (19 damage)
             ... on level 4 of the Dungeon.
             The game lasted 00:15:35 (5340 turns).

Kenran the Slasher (Demonspawn Gladiator)           Turns: 5340, Time: 00:15:35

Health: -1/44      AC:  5    Str: 17    XL:     6   Next: 77%
Magic:  6/6        EV:  6    Int: 10    God:    Okawaru [......]
Gold:   173        SH:  0    Dex: 13    Spells: 0 memorised, 5 levels left

rFire  . . .     SeeInvis .     a - +0 long sword
rCold  . . .     Gourm    .     m - +0 ring mail
rNeg   . . .     Faith    .     (no shield)
rPois  .         Spirit   .     (helmet restricted)
rElec  .         Dismiss  .     (no cloak)
rCorr  .         Reflect  .     (no gloves)
SustAt .         Harm     .     (no boots)
MR     .....                    (no amulet)
Stlth  +.........               (no ring)
                                (no ring)

@: not resistant to hostile enchantments, very unstealthy
A: horns 1, foul stench 1, rot immunity
a: Renounce Religion


You were on level 4 of the Dungeon.
You worshipped Okawaru.
Okawaru was noncommittal.
You were not hungry.

You visited 1 branch of the dungeon, and saw 4 of its levels.

You collected 173 gold pieces.

Inventory:

Hand Weapons
 a - a +0 long sword (weapon)
Missiles
 d - a throwing net (quivered)
Armour
 c - a +0 helmet
 m - a +0 ring mail (worn)
Wands
 e - a wand of lightning (9/15)
 s - a wand of acid (12/15)
Scrolls
 b - 4 scrolls of magic mapping
 k - a scroll of remove curse
Potions
 g - a potion of haste
 q - 2 potions of lignification
Comestibles
 f - 2 bread rations
 o - a royal jelly
 p - a meat ration


   Skills:
 + Level 2.0 Fighting
 - Level 7.1 Long Blades
 - Level 1.7 Throwing
 - Level 2.6 Dodging


You had 5 spell levels left.
You didn't know any spells.

Dungeon Overview and Level Annotations

Branches:
Dungeon (4/15)
 Temple: D:4-7

Altars:
Cheibriados
Elyvilon
Kikubaaqudgha
Makhleb
Okawaru
Pakellas
Ru
Sif Muna
Trog
Xom
Zin
The Shining One

Annotations:
D:4 Grinder


Innate Abilities, Weirdness & Mutations

You may emit foul miasma when damaged in melee.
You are immune to rotting.
You have a pair of small horns on your head.


Message History

Grinder shouts!
Grinder gestures at you.
You suddenly lose the ability to move!
Grinder blinks!
You can move again.
You see here 15 stones.
Grinder blinks!
Grinder blinks!
You see here a flail.
The ogre hits you with a giant club!
The ogre looks sick.
You emit a cloud of foul miasma!
The ogre is engulfed in dark miasma.
The ogre is poisoned.
The ogre hits you with a giant club!
The ogre is engulfed in dark miasma.
The ogre looks even sicker.
You see here a club.
You can't go up here!
There is a stone staircase leading up, spattered with blood here.
The bat hits you but does no damage.
The bat looks sick.
The ogre hits you with a giant club!!
You die...

##....##.........P♣♣..
##...5.###.#....P.P♣♣..
##.......##......♣♣..PP♣
#......§.###.....♣♣..PP♣
#........####...........
#.........# ##..........
##(.......# #....######
#.....O..## ##....# ##.
#.....@...# ##...###..
##....b...# #...##...
#.......[#* #...#....
##........# ##.......
#........# #.......
##.......# #.......
##......# #......#
###..### #....### ####
###..##


You could see Grinder, an ogre and a bat.

Vanquished Creatures
  2 scorpions (D:3)
  A quasit (D:3)
  2 hounds (D:4)
  Natasha (thrice) (D:3 D:2)
  A worker ant (D:4)
  A howler monkey skeleton (D:4)
  4 gnolls
  3 adders
  3 oozes
  A worm (D:3)
  3 dart slugs
  2 giant geckos (D:3)
  6 orcs
  A ball python (D:3)
  2 giant cockroaches
  4 hobgoblins
  6 jackals (D:3)
  3 kobolds
  4 quokkas
  8 bats
  4 giant newts
  7 goblins
  7 rats
  A fungus (D:2)
79 creatures vanquished.

Notes
Turn   | Place    | Note
--------------------------------------------------------------
     0 | D:1      | Kenran the Demonspawn Gladiator began the quest for the Orb.
     0 | D:1      | Reached XP level 1. HP: 16/16 MP: 1/1
   200 | D:1      | Reached skill level 3 in Long Blades
   327 | D:1      | Gained mutation: You are immune to rotting. [demonic ancestry]
   327 | D:1      | Reached XP level 2. HP: 21/22 MP: 2/2
   687 | D:1      | Reached XP level 3. HP: 25/27 MP: 3/3
   989 | D:2      | Reached skill level 4 in Long Blades
  1153 | D:2      | Found an ancient bone altar of Kikubaaqudgha.
  1927 | D:3      | Reached XP level 4. HP: 29/33 MP: 4/4
  1964 | D:3      | Noticed Natasha
  1976 | D:3      | Killed Natasha
  2312 | D:3      | Reached skill level 5 in Long Blades
  2327 | D:3      | Reached XP level 5. HP: 28/38 MP: 5/5
  2456 | D:3      | Noticed Natasha
  2471 | D:2      | Killed Natasha
  2561 | D:2      | Noticed Natasha
  2568 | D:2      | Killed Natasha
  2993 | D:3      | Found an oddly glowing altar of Pakellas.
  3000 | D:3      | Found a shimmering altar of Xom.
  3005 | D:3      | Found a burning altar of Makhleb.
  3016 | D:3      | Found a bloodstained altar of Trog.
  3023 | D:3      | Found a snail-covered altar of Cheibriados.
  3028 | D:3      | Found an iron altar of Okawaru.
  3032 | D:3      | Found a sacrificial altar of Ru.
  3146 | D:3      | Became a worshipper of Warmaster Okawaru
  3197 | D:3      | Found a deep blue altar of Sif Muna.
  3630 | D:4      | Reached skill level 6 in Long Blades
  3636 | D:4      | Gained mutation: You may emit foul miasma when damaged in melee. [demonic ancestry]
  3636 | D:4      | Reached XP level 6. HP: 24/44 MP: 6/6
  4268 | D:4      | Gained mutation: You have a pair of small horns on your head. [potion of beneficial mutation]
  4759 | D:4      | Found a glowing silver altar of Zin.
  4760 | D:4      | Found a glowing golden altar of the Shining One.
  4760 | D:4      | Found a white marble altar of Elyvilon.
  4790 | D:4      | Noticed Grinder
  4876 | D:3      | Reached skill level 7 in Long Blades
  5297 | D:4      | Paralysed by Grinder for 6 turns
  5340 | D:4      | Slain by an ogre

Skill      XL: |  1  2  3  4  5  6 |
---------------+-------------------+-----
Long Blades    | 3 4 5 6 7 |  7.1
Fighting       | |  2.0
Throwing       | |  1.7
Dodging        | |  2.6

Action                   |  1- 3 |  4- 6 || total
-------------------------+-------+-------++-------
Melee: Long sword        |   131 |   231 ||   362
       Headbutt          |       |     4 ||     4
Throw: Throwing net      |       |     2 ||     2
  Use: Potion            |       |     6 ||     6
       Scroll            |       |     5 ||     5
  Eat: Chunk             |     2 |     7 ||     9
       Fruit             |     2 |       ||     2
       Royal jelly       |       |     2 ||     2
Armor: Leather armour    |     3 |       ||     3
       Ring mail         |    39 |    99 ||   138
       Skin              |       |     7 ||     7
Dodge: Dodged            |    89 |   169 ||   258
